 Dungeon Crawl Stone Soup version 0.22.1-2-g9c5b331383 (webtiles) character file.

308 Honti the Chopper (level 6, -12/56 HPs)
             Began as a Minotaur Chaos Knight on Aug 26, 2018.
             Mangled by a small abomination (14 damage)
             ... summoned by the capriciousness of Xom
             ... on level 3 of the Dungeon on Dec 12, 2018.
             The game lasted 00:12:35 (2407 turns).

Honti the Chopper (Minotaur Chaos Knight)           Turns: 2407, Time: 00:12:36

Health: -12/56     AC:  7    Str: 14 (18) XL:     6   Next: 17%
Magic:  5/5        EV:  9    Int:  5 (7)  God:    Xom [......]
Gold:   179        SH:  0    Dex:  7 (10) Spells: 5/5 levels left

rFire    . . .     SeeInvis .   a - +1 hand axe (chaos)
rCold    + . .     Gourm    .   (no shield)
rNeg     . . .     Faith    .   q - +0 scale mail
rPois    .         Spirit   .   (helmet restricted)
rElec    .         Reflect  .   (no cloak)
rCorr    .         Harm     .   (no gloves)
MR       .....     Clarity  +   (no boots)
Stlth    ..........             (no amulet)
HPRegen  0.18/turn              (no ring)
MPRegen  0.09/turn              (no ring)

@: flying
A: retaliatory headbutt, horns 2, clarity, cold resistance 1, deterioration 1,
dopey 1
a: Renounce Religion


You were on level 3 of the Dungeon.
You worshipped Xom.
You were a very special plaything of Xom.
You were not hungry.

You visited 1 branch of the dungeon, and saw 3 of its levels.

You collected 179 gold pieces.

Inventory:

Hand Weapons
 a - a +1 hand axe of chaos (weapon)
Armour
 q - a +0 scale mail (worn)
Wands
 h - a wand of iceblast (4)
Scrolls
 d - 2 scrolls of amnesia {unknown}
 e - 4 scrolls of identify {unknown}
 f - 2 scrolls of remove curse {unknown}
 i - a scroll of enchant weapon
 j - 3 scrolls of magic mapping {unknown}
 k - a scroll of enchant armour {unknown}
 o - 2 scrolls of teleportation {unknown}
Potions
 b - a potion of mutation
Comestibles
 c - 5 rations


   Skills:
 + Level 5.1 Fighting
 * Level 6.5 Axes
 + Level 4.4 Armour
 - Level 1.1 Dodging


You had 5 spell levels left.
You didn't know any spells.
Your spell library was empty.

Dungeon Overview and Level Annotations

Branches:
Dungeon (3/15)

Altars:
Fedhas
Kikubaaqudgha

Annotations:
D:2 exclusion: oklob plant


Innate Abilities, Weirdness & Mutations

You reflexively headbutt those who attack you in melee.
You have a pair of horns on your head.
You possess an exceptional clarity of mind.
Your flesh is cold resistant. (rC+)
Your body sometimes deteriorates upon taking damage.
You are dopey. (Int -2)


Message History

You feel less confused. The small abomination hits you.
You hit the small abomination but do no damage.
The small abomination seems to speed up.
You headbutt the small abomination, but do no damage.
The small abomination is almost destroyed.
The helpless small abomination fails to defend itself.
You hit the small abomination but do no damage.
The small abomination hits you.
As you read the scroll labeled CUUTOVV NYIHI, it crumbles to dust.
It is a scroll of enchant weapon.
Your +0 hand axe of chaos glows red for a moment.
The small abomination hits you!
* * * LOW HITPOINT WARNING * * *
Your body deteriorates!
You feel weakened.
You emit a cloud of colourful smoke!
The small abomination closely misses you.
The small abomination hits you!
You die...
Xom giggles madly!

####### ##.....##...##.....##
......# ##...###...###...##
......# ##### #...# #####
......# ##...###...###...##
......# ##.....##...##.....##
......# #.......#...#.......#
......# #..$..x§§...'.......#
...#### #.....§x#...#....[..#
...# ##....@##.).##.....##
...##########...###...###...##
............#### #.#########
...........########.....# ##
...........# #....#.....# #.
...........# #....'.....# #.
##.........# #....#.....# #.
#......)..# #....#.....# #.
#########.# #....#.....# #.


You could see 2 small abominations.

Vanquished Creatures
  A centaur (D:3)
  Ijyb (D:3)
  Natasha (thrice) (D:3)
  2 adders (D:3)
  An ooze (D:3)
  3 worms
  3 dart slugs
  2 leopard geckos (D:3)
  13 orcs (D:3)
  3 giant cockroaches
  10 goblins
  8 hobgoblins
  2 quokkas
  6 bats
  6 frilled lizards
  10 kobolds
  9 rats
83 creatures vanquished.

Vanquished Creatures (collateral kills)
  A rat (D:3)
1 creature vanquished.

Vanquished Creatures (others)
  15 toadstools (D:2)
15 creatures vanquished.

Grand Total: 99 creatures vanquished

Notes
Turn   | Place    | Note
-------+----------+-------------------------------------------
     0 | D:1      | Honti the Minotaur Chaos Knight began the quest for the
                  | Orb.
     0 | D:1      | Reached XP level 1. HP: 19/19 MP: 0/0
   204 | D:1      | XOM: silly message
   219 | D:1      | Reached skill level 4 in Axes
   232 | D:1      | Reached XP level 2. HP: 25/27 MP: 1/1
   238 | D:1      | XOM: confuse monster(s)
   626 | D:2      | Reached XP level 3. HP: 33/33 MP: 2/2
  1086 | D:2      | Found a blossoming altar of Fedhas.
  1103 | D:2      | Noticed an oklob plant
  1205 | D:2      | You fall through a shaft!
  1205 | D:3      | Noticed Natasha
  1210 | D:3      | Killed Natasha
  1210 | D:3      | Reached skill level 5 in Axes
  1210 | D:3      | Reached XP level 4. HP: 38/41 MP: 3/3
  1242 | D:3      | Noticed a centaur
  1248 | D:3      | Killed a centaur
  1248 | D:3      | Reached XP level 5. HP: 26/47 MP: 4/4
  1284 | D:3      | XOM: harmless Tmut miscast
  1317 | D:3      | XOM: cloud trail
  1339 | D:3      | XOM: silly message
  1568 | D:3      | XOM: give mutations
  1568 | D:3      | Gained mutation: Your flesh is cold resistant. (rC+) [Xom's
                  | mischief]
  1568 | D:3      | Gained mutation: Your spells are a little easier to cast,
                  | but a little less powerful. [Xom's mischief]
  1568 | D:3      | Gained mutation: Your body sometimes deteriorates upon
                  | taking damage. [Xom's mischief]
  1713 | D:3      | Reached skill level 6 in Axes
  1753 | D:3      | Found an ancient bone altar of Kikubaaqudgha.
  1778 | D:3      | Upgraded the game from 0.22.0-38-g04b72b8c25 to
                  | 0.22.1-2-g9c5b331383
  1907 | D:3      | Noticed Natasha
  1910 | D:3      | Lost mutation: Your spells are a little easier to cast, but
                  | a little less powerful. [potion of mutation]
  1910 | D:3      | Gained mutation: You are dopey. (Int -2) [potion of
                  | mutation]
  1910 | D:3      | Gained mutation: You possess an exceptional clarity of
                  | mind. [potion of mutation]
  1933 | D:3      | Killed Natasha
  1933 | D:3      | Reached skill level 5 in Fighting
  2244 | D:3      | Noticed Natasha
  2250 | D:3      | Killed Natasha
  2250 | D:3      | Reached XP level 6. HP: 56/56 MP: 5/5
  2257 | D:3      | Noticed Ijyb
  2264 | D:3      | XOM: noise
  2266 | D:3      | Killed Ijyb
  2391 | D:3      | XOM: medium Summ miscast
  2392 | D:3      | Noticed a small abomination
  2397 | D:3      | HP: 1/56 [small abomination[the capriciousness of Xom] (4)]
  2406 | D:3      | HP: 2/56 [small abomination[the capriciousness of Xom]
                  | (16)]
  2406 | D:3      | XOM: smoke on damage
  2407 | D:3      | Mangled by a small abomination

Skill      XL: |  1  2  3  4  5 |
---------------+----------------+-----
Axes           | 4 5 6 |  6.5
Fighting       | 4 5 |  5.1
Armour         | 3 4 |  4.4
Dodging        | |  1.1

Action                   |  1- 3 |  4- 6 || total
-------------------------+-------+-------++-------
Melee: Hand axe          |    90 |   106 ||   196
       Headbutt          |    10 |    15 ||    25
  Use: Potion            |       |     5 ||     5
       Scroll            |       |     1 ||     1
 Stab: Petrified         |       |     1 ||     1
       Paralysed         |       |     1 ||     1
  Eat: Chunk             |     1 |     4 ||     5
Armor: Leather armour    |     5 |       ||     5
       Scale mail        |    32 |    30 ||    62
Dodge: Dodged            |    47 |    50 ||    97
